 Dungeon Crawl Stone Soup version bcrawl-1.12-8-g964540c (webtiles) character file.

Game seed: 9844563615289825747

11069 Trogdor the Spear-Bearer (level 11, -1/80 HPs)
             Began as a Demigod Gladiator on June 8, 2019.
             Slain by a yak (6 damage)
             ... on level 1 of the Lair of Beasts.
             The game lasted 00:58:42 (11027 turns).

Trogdor the Spear-Bearer (Demigod Gladiator)       Turns: 11027, Time: 00:58:42

Health: -1/80      AC:  5    Str: 22    XL:     11   Next: 44%
Magic:  13/20      EV: 14    Int: 17    God:    Demigod [****..]
Gold:   491        SH:  0    Dex: 18    Spells: 7/18 levels left

rFire    . . .     SeeInvis .   F - +4 spear (pierce)
rCold    + + .     Gourm    .   (no shield)
rNeg     + . .     Faith    .   l - +1 robe {MR+}
rPois    +         Spirit   .   N - +1 helmet of the Morning Star {rPois rN+ Regen+ Slay+5}
rElec    .         Reflect  .   Q - scarf {rC+ rF+}
rCorr    .         Harm     .   (no gloves)
MR       ++...                  (no boots)
Stlth    ++........             (no amulet)
HPRegen  0.63/turn              I - +3 ring of intelligence
MPRegen  0.17/turn              K - ring of ice

@: no status effects
A: high mp 1
a: Temporal Distortion, Growth, Major Destruction, Heroism


You were on level 1 of the Lair of Beasts.
You worshipped Demigod.
Demigod was greatly pleased with you.
You were hungry.

You visited 3 branches of the dungeon, and saw 11 of its levels.

You collected 517 gold pieces.
You spent 26 gold pieces at shops.

Inventory:

Hand Weapons
 a - a +1 war axe
 q - a +0 hunting sling
 A - a +0 blowgun
 E - a +1 short sword of holy wrath
 F - a +4 spear of piercing (weapon)
 O - a +0 glaive
 P - a +3 halberd
Missiles
 d - 3 throwing nets (quivered) {!f}
 i - 855 stones
 w - 515 poisoned needles
 M - 157 sling bullets
Armour
 b - a +0 leather armour
 k - a +0 chain mail
 l - a +1 robe of magic resistance (worn)
 t - a +0 ring mail
 z - a +0 scale mail
 N - the +1 helmet of the Morning Star (worn) {rPois rN+ Regen+ Slay+5}
   (You found it on level 5 of the Dungeon)

   It affects your accuracy and damage with ranged weapons and melee attacks
   (+5).
   It protects you from poison.
   It protects you from negative energy.
   It increases your rate of regeneration.
 Q - a scarf of resistance (worn)
Jewellery
 y - an uncursed ring of positive energy
 H - an uncursed ring of poison resistance
 I - a +3 ring of intelligence (left hand)
 K - a ring of ice (right hand)
Wands
 o - a wand of polymorph (8)
 J - a wand of acid (9)
Scrolls
 c - a scroll of amnesia {unknown}
 e - 2 scrolls of magic mapping
 h - a scroll of fog
 j - 5 scrolls of teleportation
 m - 5 scrolls of enchant weapon
 n - 3 scrolls of immolation
 B - a scroll of enchant armour {unknown}
 C - 2 scrolls of remove curse
 L - a scroll of fear {unknown}
 R - a scroll of blinking {unknown}
Potions
 g - 2 potions of lignification
 p - 2 potions of flight
 r - a potion of agility
 s - 4 potions of ambrosia
 u - 3 potions of curing
 v - a potion of brilliance
 x - a potion of invisibility
 D - a potion of mutation
 G - a potion of degeneration {unknown}
Comestibles
 f - 18 rations {!d}
 S - 6 chunks of flesh


   Skills:
 + Level 2.3 Fighting
 - Level 6.7(9.2) Axes
 + Level 9.8(10.6) Polearms
 - Level 1.7 Throwing
 * Level 1.7 Armour
 * Level 3.2 Dodging
 - Level 4.0 Spellcasting
 + Level 8.1 Summonings
 * Level 2.7 Ice Magic
 - Level 3.1 Air Magic
 + Level 7.3 Invocations


You had 7 spell levels left.
You knew the following spells:

 Your Spells              Type           Power        Failure   Level  Hunger
a - Call Imp              Summ           ####....     1%          2    ##.....
b - Summon Ice Beast      Ice/Summ       ####....     17%         4    ####...
c - Summon Lightning Spi  Summ/Air       ###.....     41%         5    ######.

Your spell library contained the following spells:

 Spells                   Type           Power        Failure   Level  Hunger
 Summon Small Mammal      Summ           ####         1%          1    None
 Call Canine Familiar     Summ           ####....     1%          3    ###....
 Confuse                  Hex            #.......     43%         3    ###....
 Dazzling Spray           Conj/Hex       #.....       43%         3    ###....
 Petrify                  Tmut/Erth      #.......     83%         4    ####...
 Yara's Violent Unravell  Hex/Tmut       #.........   83%         4    ####...
 Metabolic Englaciation   Hex/Ice        ##........   94%         5    ######.


Dungeon Overview and Level Annotations

Branches:
Dungeon (9/12)             Temple (1/1) D:6            Lair (1/6) D:9
    Orc: D:8-11

Shops:
D:5 *

Annotations:
D:3 Natasha
D:9 exclusion: oklob plant


Innate Abilities, Weirdness & Mutations

You have an increased reservoir of magic. (+10% MP)


Message History

Confirm with . or Enter, or press ? or * to list all spells.
You feel a surge of power! A chill wind blows around you.
You are feeling hungry.
The yak gores you!
* * * LOW HITPOINT WARNING * * *
The yak closely misses you.
Your ice beast hits the yak but does no damage.
Your ice beast hits the yak.
Your ice beast freezes the yak!
Unknown command.
Your ice beast hits the yak.
Your ice beast freezes the yak!
Things that are here:
a yak skeleton x2
You feel better. The yak gores you.
* * * LOW HITPOINT WARNING * * *
The yak gores you!
* * * LOW HITPOINT WARNING * * *
Your ice beast hits the yak but does no damage.
The yak gores you.
You die...
Your divinity fades.

#..# ##..$ ...#
#..###
#######..#P######
.........†.......
.........†.......
...........P####.
......†.Y@######.
........YY.......
......†YYY.......
.###.##..........
#.. #..........
Y.. ............
.Y. .?...........
($.......########
.......#


You could see 3 yaks and 3 friendly ice beasts.

Vanquished Creatures
  A centaur warrior (D:7)
  A dream sheep (D:9)
  A hippogriff (D:7)
  A vampire (D:9)
  17 yaks
  2 hungry ghosts
  A steam dragon (D:8)
  Menkaure (D:7)
  An acid dragon (D:9)
  Duvessa (D:4)
  An ice beast (D:5)
  5 sky beasts
  2 eyes of draining
  2 wolves (Lair:1)
  4 phantoms
  6 ogres
  2 centaurs
  A crocodile (Lair:1)
  2 big kobolds (D:9)
  7 bullfrogs
  Dowan (D:4)
  2 scorpions
  11 wights
  A howler monkey (D:3)
  A crimson imp (D:4)
  3 centaur zombies
  A bullfrog zombie (D:5)
  2 jellies
  6 hounds
  4 orc priests
  2 centaur skeletons
  A gnoll shaman (D:7)
  6 orc wizards
  Natasha (D:3)
  An iguana (D:8)
  3 worker ants
  A killer bee zombie (D:5)
  A mummy (D:5)
  A worker ant zombie (D:7)
  8 gnolls
  A howler monkey skeleton (D:4)
  7 adders
  A shadow imp (D:8)
  3 oozes
  An adder skeleton (D:6)
  3 worms
  A dart slug (D:1)
  8 leopard geckos
  19 orcs
  6 bats
  3 giant cockroaches
  7 goblins
  9 hobgoblins
  9 jackals
  7 kobolds
  4 quokkas
  A ball python (D:2)
  3 frilled lizards
  A hobgoblin zombie (D:5)
  A jackal skeleton (D:4)
  3 kobold zombies (D:5)
  2 quokka skeletons (D:4)
  3 rats
219 creatures vanquished.

Vanquished Creatures (collateral kills)
  A hydra (D:9)
  An ugly thing (D:9)
  A komodo dragon (D:9)
  A troll (D:7)
  A dream sheep (D:9)
  7 yaks
  An orc warrior (D:5)
  A wolf (Lair:1)
  A crocodile (Lair:1)
  A big kobold (D:9)
  A bullfrog (Lair:1)
  A jackal (D:6)
18 creatures vanquished.

Vanquished Creatures (others)
  An eldritch tentacle (D:9)
  2 plants
  13 toadstools (D:9)
16 creatures vanquished.

Grand Total: 253 creatures vanquished

Notes
Turn   | Place    | Note
-------+----------+-------------------------------------------
     0 | D:1      | Trogdor the Demigod Gladiator began the quest for the Orb.
     0 | D:1      | Reached XP level 1. HP: 17/17 MP: 3/3
    66 | D:1      | Reached skill level 1 in Invocations
    96 | D:1      | Reached XP level 2. HP: 22/24 MP: 3/5
   167 | D:1      | Found a snail-covered altar of Cheibriados.
   333 | D:1      | Reached XP level 3. HP: 29/29 MP: 6/6
   757 | D:2      | Reached * piety under Demigod
   855 | D:2      | Noticed a sky beast
  1323 | D:2      | Found a shattered altar of Ashenzari.
  1335 | D:2      | Found a radiant altar of Vehumet.
  1853 | D:3      | Learned a level 2 spell: Call Imp
  2021 | D:3      | Reached XP level 4. HP: 36/36 MP: 8/8
  2234 | D:3      | Reached XP level 5. HP: 26/41 MP: 9/9
  2236 | D:3      | Reached ** piety under Demigod
  3035 | D:3      | Found a glowing golden altar of the Shining One.
  3044 | D:3      | Found a basalt altar of Yredelemnul.
  3200 | D:3      | Noticed Natasha
  3206 | D:3      | Killed Natasha
  3206 | D:3      | Reached skill level 1 in Summonings
  3442 | D:3      | Noticed an angel
  3494 | D:4      | Noticed Dowan
  3494 | D:4      | Noticed a sky beast
  3494 | D:4      | Noticed Duvessa
  3537 | D:4      | Noticed a phantom
  3553 | D:3      | Killed a sky beast
  3553 | D:3      | Reached skill level 5 in Axes
  3553 | D:3      | Reached skill level 1 in Spellcasting
  3553 | D:3      | Reached XP level 6. HP: 42/48 MP: 9/11
  3846 | D:4      | Found an ancient bone altar of Kikubaaqudgha.
  3950 | D:4      | Noticed a sky beast
  3968 | D:4      | Killed a sky beast
  3968 | D:4      | Reached XP level 7. HP: 42/53 MP: 12/12
  4026 | D:4      | Killed Duvessa
  4296 | D:3      | Noticed Natasha
  4784 | D:4      | Reached skill level 5 in Invocations
  5024 | D:4      | Killed Dowan
  5024 | D:4      | Reached skill level 1 in Polearms
  5024 | D:4      | Reached XP level 8. HP: 60/60 MP: 8/15
  5134 | D:5      | Entered Level 5 of the Dungeon
  5482 | D:5      | Reached skill level 2 in Polearms
  5715 | D:5      | Found Ugris's General Store.
  5800 | D:5      | Bought a scroll of fog for 26 gold pieces
  5870 | D:5      | Learned a level 4 spell: Summon Ice Beast
  5876 | D:5      | Learned a level 5 spell: Summon Lightning Spire
  5971 | D:5      | Reached skill level 3 in Polearms
  6060 | D:5      | Got a faintly glowing helmet
  6071 | D:5      | Identified the +1 helmet of the Morning Star {rPois rN+
                  | Regen+ Slay+5} (You found it on level 5 of the Dungeon)
  6170 | D:5      | Reached skill level 1 in Ice Magic
  6318 | D:5      | Reached skill level 1 in Air Magic
  6332 | D:5      | Reached skill level 4 in Polearms
  6608 | D:6      | Found a staircase to the Ecumenical Temple.
  6684 | Temple   | Entered the Ecumenical Temple
  7450 | D:7      | Reached XP level 9. HP: 67/67 MP: 14/17
  7500 | D:7      | Reached skill level 5 in Polearms
  7505 | D:7      | Noticed Menkaure
  7511 | D:7      | Killed Menkaure
  7660 | D:7      | Noticed a troll
  7681 | D:7      | Killed a troll
  7923 | D:7      | Reached skill level 6 in Polearms
  7923 | D:7      | Reached skill level 5 in Summonings
  8067 | D:7      | Noticed a centaur warrior
  8081 | D:7      | Killed a centaur warrior
  8081 | D:7      | Reached skill level 7 in Polearms
  8172 | D:6      | Reached XP level 10. HP: 39/73 MP: 13/18
  8757 | D:8      | Reached skill level 8 in Polearms
  9266 | D:9      | Found a shadowy altar of Dithmenos.
  9282 | D:9      | Reached skill level 9 in Polearms
  9288 | D:9      | Reached *** piety under Demigod
  9619 | D:9      | Found a staircase to the Lair.
  9739 | D:9      | Reached XP level 11. HP: 45/79 MP: 13/20
  9874 | D:9      | Found a corrupted altar of Lugonu.
  9926 | D:9      | Found a blossoming altar of Fedhas.
  9946 | D:9      | Noticed an oklob plant
 10294 | D:9      | Noticed a red ugly thing
 10312 | D:9      | HP: 3/79 [red ugly thing (15)]
 10313 | D:9      | Killed a red ugly thing
 10860 | D:9      | Noticed a three-headed hydra
 10869 | D:9      | Killed a three-headed hydra
 10869 | D:9      | Reached skill level 1 in Armour
 10948 | Lair:1   | Entered Level 1 of the Lair of Beasts
 10993 | Lair:1   | Reached **** piety under Demigod
 11027 | Lair:1   | Slain by a yak

Skill      XL: |  1  2  3  4  5  6  7  8  9 10 11 |
---------------+----------------------------------+-----
Invocations    | 1 2 3 5 6 7 |  7.3
Axes           | 3 4 5 6 |  6.7
Summonings     | 1 3 4 6 8 |  8.1
Spellcasting   | 1 2 4 |  4.0
Polearms       | 1 4 7 9 |  9.8
Ice Magic      | 1 2 |  2.7
Air Magic      | 1 2 3 |  3.1
Dodging        | 3 |  3.2
Fighting       | 2 |  2.3
Armour         | 1 |  1.7
Throwing       | |  1.7

Action                   |  1- 3 |  4- 6 |  7- 9 | 10-12 || total
-------------------------+-------+-------+-------+-------++-------
Melee: War axe           |   127 |   149 |    24 |       ||   300
       Spear             |       |       |   226 |   317 ||   543
 Fire: Hunting sling     |     3 |       |     9 |       ||    12
       Blowgun           |       |     6 |    45 |       ||    51
Throw: Throwing net      |       |     1 |       |       ||     1
 Cast: Call Imp          |       |       |    20 |     6 ||    26
       Summon Ice Beast  |       |       |       |    17 ||    17
Invok: Temporal Distorti |       |     2 |     7 |       ||     9
       Growth            |       |       |     1 |       ||     1
       Major Destruction |       |       |       |     1 ||     1
Evoke: Wand              |       |       |     1 |     2 ||     3
  Use: Scroll            |     6 |     2 |     6 |     4 ||    18
       Potion            |     1 |       |     3 |     2 ||     6
 Stab: Held in net/web   |       |     1 |       |       ||     1
       Distracted        |       |       |     1 |     3 ||     4
       Sleeping          |       |       |       |     3 ||     3
  Eat: Chunk             |     4 |     6 |    10 |    15 ||    35
       Ration            |       |       |     2 |     1 ||     3
Armor: Leather armour    |    16 |       |       |       ||    16
       Ring mail         |    33 |    39 |    48 |       ||   120
       Robe              |       |       |       |    16 ||    16
Dodge: Dodged            |   108 |   108 |    78 |    71 ||   365
